 Dungeon Crawl Stone Soup version 0.30-a0-870-gc5d4c5acee (webtiles) character file.

Game seed: 2715024041786356336

183 cforsyth the Trooper (level 5, 0/43 HPs)
             Began as a Barachi Fighter on Mar 12, 2023.
             Killed by divine providence
             ... invoked by an orc priest
              (13 damage)
             ... on level 4 of the Dungeon.
             The game lasted 00:02:36 (2732 turns).

cforsyth the Trooper (Barachi Fighter)              Turns: 2732, Time: 00:02:36

Health: 0/43       AC:  8    Str: 19    XL:     5   Next: 62%
Magic:  5/5        EV:  9    Int:  9    God:
Gold:   123        SH:  5    Dex: 11    Spells: 4/4 levels left

rFire   . . .      SeeInvis .    a - +0 war axe
rCold   . . .      Faith    .    c - +0 buckler
rNeg    . . .      Spirit   .    b - +0 scale mail
rPois   .          Reflect  .    (no helmet)
rElec   .          Rampage  .    (no cloak)
rCorr   .                        m - +0 pair of gloves
Will    .....                    (no boots) Stlth
                                 (no amulet)
HPRegen 0.27/turn                (no ring)
MPRegen 0.09/turn                (no ring)

@: slow
A: amphibious, slowness 1, strong legs 1, +LOS
a: Hop


You were on level 4 of the Dungeon.
You visited 1 branch of the dungeon, and saw 5 of its levels.

You collected 123 gold pieces.

Inventory:

Hand Weapons
 a - a +0 war axe (weapon)
Armour
 b - a +0 scale mail (worn)
 c - a +0 buckler (worn)
 m - a +0 pair of gloves (worn)
Wands
 k - a wand of flame (4)
 o - a wand of roots (5)
 s - a wand of digging (3)
Scrolls
 f - a scroll of enchant armour {unknown}
 g - a scroll of vulnerability {unknown}
 h - a scroll of immolation {unknown}
 i - 2 scrolls of teleportation {unknown}
 j - a scroll of identify {unknown}
 l - a scroll of enchant weapon {unknown}
Potions
 d - 3 potions of might
 e - 2 potions of degeneration {unknown}
 n - a potion of curing {unknown}
 p - a potion of brilliance {unknown}
 q - a potion of heal wounds {unknown}
 r - a potion of attraction {unknown}


   Skills:
 + Level 4.8 Fighting
 + Level 3.6 Axes
 + Level 4.8 Armour
 + Level 4.4 Shields


You had 4 spell levels left.
You didn't know any spells.
Your spell library contained the following spells:

 Spells                   Type           Power      Damage    Failure   Level
 Freeze                   Ice            0%         1d3       83%         1
 Frozen Ramparts          Ice            0%         1d1       99%         3
 Hailstorm                Conj/Ice       0%         3d3       99%         3


Dungeon Overview and Level Annotations

Branches:
Dungeon (5/15)
 Temple: D:4-7

Altars:
Ashenzari

Annotations:
D:3 Grinder


Innate Abilities, Weirdness & Mutations

You are amphibious.
You cover ground slowly.
You can hop short distances.
You have an extended range of vision and can be seen from far away.


Message History

Things that are here:
a +0 hand axe; an orc corpse You slash the orc!
You kill the orc!
An orc priest comes into view. It is wielding a +0 dagger.
You barely miss the orc. The orc hits you but does no damage.
The orc barely misses you.
You barely miss the orc. You hit the orc.
The orc is lightly wounded.
You block the orc's attack.
The orc priest invokes the aid of Beogh against you.
Beogh smites you!
You closely miss the orc.
The orc is lightly wounded.
The orc closely misses you. You block the orc's attack.
The orc priest calls down the wrath of Beogh upon you.
Beogh smites you!
You are too injured to fight recklessly!
You are too injured to fight recklessly!
You are too injured to fight recklessly!
You are too injured to fight recklessly!
You are too injured to fight recklessly!
You are too injured to fight recklessly!
You are too injured to fight recklessly!
You hit the orc priest.
The orc priest is moderately wounded.
You closely miss the orc. The orc priest closely misses you.
The orc hits you with a +0 club.
* * * LOW HITPOINT WARNING * * *
You hit the orc priest.
The orc priest is severely wounded.
You hit the orc but do no damage. You block the orc's attack.
The orc priest completely misses you.
You hit the orc priest but do no damage.
The orc priest is severely wounded.
You hit the orc but do no damage.
The orc priest invokes the aid of Beogh against you.
Beogh smites you!
You die...

#.### #<# #.# #.#
#.# #.# #.# #.# #
#.# ###.#########
#.#.# #........>...
#.#.####.#.###≈≈≈###
#.oo.#...#.# ##≈.†#.
####.###@##.###.#
#..##.#
..........#.# #.#
#######
######.#....# #.# #≈
# ...#..### #.# #≈##
#..# #..# #.# #≈≈#
.... #..# #.# #≈.
.8.8 ...# #≈≈ ..⌠
....# ##≈ .8 8.#.##
#.


You could see an orc priest and an orc.

Vanquished Creatures
  An iguana (D:5)
  An orc wizard (D:4)
  5 adders
  4 worms
  2 dart slugs
  4 orcs (D:4)
  4 endoplasms
  2 giant cockroaches
  3 goblins
  2 hobgoblins
  16 jackals
  2 quokkas
  3 ball pythons
  9 bats
  A frilled lizard (D:3)
  3 kobolds
  3 rats
65 creatures vanquished.

Notes
Turn   | Place    | Note
-------+----------+-------------------------------------------
     0 | D:1      | cforsyth the Barachi Fighter began the quest for the Orb.
     0 | D:1      | Reached XP level 1. HP: 18/18 MP: 1/1
   139 | D:1      | Reached XP level 2. HP: 20/25 MP: 2/2
   798 | D:2      | Reached XP level 3. HP: 24/30 MP: 3/3
  1321 | D:2      | Reached XP level 4. HP: 37/37 MP: 4/4
  1713 | D:3      | Noticed Grinder
  2090 | D:4      | Reached XP level 5. HP: 43/43 MP: 5/5
  2206 | D:4      | You fall into a shaft and drop 1 floor!
  2206 | D:5      | Entered Level 5 of the Dungeon
  2598 | D:4      | Found a broken altar of Ashenzari.
  2732 | D:4      | Killed from afar by an orc priest

Illustrated notes

Levels and vault maps discovered:
D:1:      evilmike_arrival_rings, layout_loops_ring
D:2:      layout_basic, kennysheep_generic_room_16
D:3:      layout_basic, nicolae_overflow_hallway_of_the_gods,
          grunt_gozag_statues, uniq_grinder
D:4:      layout_basic, mainiacjoe_overflow_six_doors_small,
          minmay_temple_entry_statues_fountains, chequers_serial_rivers_small_b
D:5:      layout_loops_ring, mainiacjoe_overflow_catwalk,
          mainiacjoe_overflow_alcove_1, glass_columns_b,
          kennysheep_cross_bottleneck, reono_crystal_passage, uniq_duvessa

Skill      XL: |  1  2  3  4 |
---------------+-------------+-----
Fighting       | 4 |  4.8
Armour         | 4 |  4.8
Axes           | 3 |  3.6
Shields        | 4 |  4.4

Action                     |  1- 3 |  4- 6 || total
---------------------------+-------+-------++-------
  Melee: War axe           |    83 |   107 ||   190
 Armour: Scale mail        |    52 |    60 ||   112
  Dodge: Dodged            |    45 |    50 ||    95
  Block: Buckler           |    26 |    29 ||    55

Table legend: (Time is in decaauts)
 A = Elapsed time spent in this place.
 B = Non-inter-level travel time spent in this place.
 C = Inter-level travel time spent in this place.
 D = Time resting spent in this place.
 E = Time spent auto-exploring this place.
 F = Levels seen in this place.
 G = Mean time per level.
                   A        B        C        D        E       F      G
               +--------+--------+--------+--------+--------+-----+--------+
         Total |   3121 |   3040 |     81 |    703 |   1746 |   5 |  624.2 |
       Dungeon |   3121 |   3040 |     81 |    703 |   1746 |   5 |  624.2 |
               +--------+--------+--------+--------+--------+-----+--------+

Top non-repeatable levels by time:
     D:2: 1292 daAuts
     D:1: 757 daAuts
     D:5: 383 daAuts
     D:4: 367 daAuts
     D:3: 320 daAuts
